| TOP OF THE 1ST |
|
San Francisco (APP) Giants batting - Pitching for Kingsport Mets : LHP Bryce Anderson
|
|
Pitching: LHP Bryce Anderson
|
|
|
Batting: RHB Tsugio Yamaguchi
|
0-0: Foul Ball, location: 2F 0-1: Ball 1-1: Ball 2-1: Ball 3-1: Foul Ball, location: 2F 3-2: SINGLE (Groundball, 4, EV 103.1 MPH)
|
|
Batting: RHB Noe Oliva
|
0-0: Foul Ball, location: 2F 0-1: Ball Wild Pitch! Tsugio Yamaguchi to second 1-1: Called Strike 1-2: Ball 2-2: Foul Ball, location: 2F 2-2: Foul Ball, location: 2F 2-2: Strikes out swinging
|
|
Batting: RHB Coen Dirks
|
0-0: SINGLE (Groundball, 25, EV 69.4 MPH) (infield hit) Tsugio Yamaguchi to third
|
|
Batting: RHB Zach Maguire
|
0-0: Called Strike 0-1: Ball 1-1: Ball 2-1: Ball 3-1: Base on Balls Coen Dirks to second
|
|
Batting: RHB Jaime Rios
|
0-0: Ball 1-0: Ball 2-0: Swinging Strike 2-1: Fly out, F7 (Flyball, 7LD, EV 95.6 MPH) Runner from 3rd tags up, SCORES, no throw by LF Coen Dirks to third
|
|
Batting: LHB Dennis Jones
|
0-0: Ball 1-0: Foul Ball, location: 2F 1-1: Ball 2-1: Fly out, F9 (Flyball, 9, EV 86.9 MPH)
|
| Top of the 1st over - 1 run, 2 hits, 0 errors, 2 left on base; San Francisco (APP) 1 - Kingsport 0 |
| BOTTOM OF THE 1ST |
|
Kingsport Mets batting - Pitching for San Francisco (APP) Giants : RHP Conrad van Gemert
|
|
Pitching: RHP Conrad van Gemert
|
|
|
Batting: RHB Eric Zylstra
|
0-0: Swinging Strike 0-1: Ground out 5-3 (Groundball, 56, EV 87.5 MPH)
|
|
Batting: LHB Randolph Brodbeck
|
0-0: Called Strike 0-1: Fly out, F8 (Flyball, 8LS, EV 72.5 MPH)
|
|
Batting: RHB Juan Medina
|
0-0: Called Strike 0-1: Ball 1-1: Fly out, F8 (Flyball, 78S, EV 79.4 MPH)
|
| Bottom of the 1st over - 0 runs, 0 hits, 0 errors, 0 left on base; San Francisco (APP) 1 - Kingsport 0 |
| TOP OF THE 2ND |
|
San Francisco (APP) Giants batting - Pitching for Kingsport Mets : LHP Bryce Anderson
|
|
Batting: RHB Dave Perron
|
0-0: Ball 1-0: Swinging Strike 1-1: Ball 2-1: Foul Ball, location: 2F 2-2: Ball 3-2: Base on Balls
|
|
Batting: RHB Alex Peguero
|
0-0: Ball 1-0: Called Strike 1-1: Called Strike 1-2: DOUBLE (Flyball, 8LXD, EV 100.0 MPH) Dave Perron to third
|
|
Batting: RHB Jonathan Hemsley
|
0-0: Swinging Strike 0-1: Ball Passed Ball! Dave Perron scores Alex Peguero to third 1-1: Foul Ball, location: 2F 1-2: Foul Ball, location: 2F 1-2: Foul Ball, location: 2F 1-2: 2-RUN HOME RUN (Flyball, 89XD, EV 111.2 MPH), Distance : 409 ft
|
|
Batting: RHB Tsugio Yamaguchi
|
0-0: Called Strike 0-1: Ball 1-1: Foul Ball, location: 2F 1-2: SINGLE (Groundball, 4MD, EV 106.9 MPH)
|
|
Batting: RHB Noe Oliva
|
0-0: Ball 1-0: Ball 2-0: Ball 3-0: Called Strike 3-1: Foul Ball, location: 2F 3-2: Base on Balls Tsugio Yamaguchi to second
|
|
Batting: RHB Coen Dirks
|
0-0: Called Strike 0-1: Swinging Strike 0-2: Fly out, F7 (Line Drive, 7, EV 83.8 MPH)
|
|
Batting: RHB Zach Maguire
|
0-0: Ball 1-0: Ball 2-0: Swinging Strike 2-1: Ball 3-1: Called Strike 3-2: DOUBLE (Flyball, 78D, EV 94.4 MPH) Tsugio Yamaguchi scores Noe Oliva to third
|
|
Pitching: RHP Justin Vallis
|
|
|
Batting: RHB Jaime Rios
|
0-0: Called Strike 0-1: Ball Wild Pitch! Noe Oliva scores Zach Maguire to third 1-1: Foul Ball, location: 2F 1-2: Ball 2-2: Hit by Pitch
|
|
Batting: LHB Dennis Jones
|
0-0: Called Strike 0-1: Ball 1-1: Ball 2-1: Called Strike 2-2: Ball 3-2: Strikes out swinging
|
|
Batting: RHB Dave Perron
|
0-0: Called Strike Jaime Rios is caught stealing 2nd base 2-4
|
| Top of the 2nd over - 5 runs, 4 hits, 0 errors, 1 left on base; San Francisco (APP) 6 - Kingsport 0 |
| BOTTOM OF THE 2ND |
|
Kingsport Mets batting - Pitching for San Francisco (APP) Giants : RHP Conrad van Gemert
|
|
Batting: RHB Dan Muse
|
0-0: Ball 1-0: Ball 2-0: Called Strike 2-1: Ground out 4-3 (Groundball, 4, EV 81.9 MPH)
|
|
Batting: RHB Chris Artz
|
0-0: Ground out 5-3 (Groundball, 56, EV 86.2 MPH)
|
|
Batting: RHB Warren Carmichael
|
0-0: Called Strike 0-1: Foul Ball, location: 2F 0-2: Ball 1-2: Strikes out swinging
|
| Bottom of the 2nd over - 0 runs, 0 hits, 0 errors, 0 left on base; San Francisco (APP) 6 - Kingsport 0 |
| TOP OF THE 3RD |
|
San Francisco (APP) Giants batting - Pitching for Kingsport Mets : RHP Justin Vallis
|
|
Batting: RHB Dave Perron
|
0-0: Ground out 4-3 (Groundball, 34, EV 83.8 MPH)
|
|
Batting: RHB Alex Peguero
|
0-0: Called Strike 0-1: Called Strike 0-2: Ball 1-2: Ground out 5-3 (Groundball, 56S, EV 88.8 MPH)
|
|
Batting: RHB Jonathan Hemsley
|
0-0: Ball 1-0: Called Strike 1-1: Called Strike 1-2: Strikes out swinging
|
| Top of the 3rd over - 0 runs, 0 hits, 0 errors, 0 left on base; San Francisco (APP) 6 - Kingsport 0 |
| BOTTOM OF THE 3RD |
|
Kingsport Mets batting - Pitching for San Francisco (APP) Giants : RHP Conrad van Gemert
|
|
Batting: RHB Artyom Shavkunov
|
0-0: DOUBLE (Groundball, 3L, EV 97.5 MPH)
|
|
Batting: RHB Craig Alvarado
|
0-0: Foul Ball, location: 2F 0-1: Swinging Strike 0-2: Ball 1-2: Ball 2-2: Foul Ball, location: 2F 2-2: Strikes out swinging
|
|
Batting: LHB Rick Vallis
|
0-0: Ball 1-0: Ground out 6-3 (Groundball, 6M, EV 91.9 MPH) Artyom Shavkunov to third
|
|
Batting: RHB Eric Zylstra
|
0-0: Called Strike 0-1: Ball 1-1: SINGLE (Groundball, 6MD, EV 99.4 MPH) Artyom Shavkunov scores
|
|
Batting: LHB Randolph Brodbeck
|
0-0: SINGLE (Groundball, 34S, EV 66.2 MPH) (infield hit) Eric Zylstra to second
|
|
Batting: RHB Juan Medina
|
0-0: Ground out 4-3 (Groundball, 4D, EV 80.6 MPH)
|
| Bottom of the 3rd over - 1 run, 3 hits, 0 errors, 2 left on base; San Francisco (APP) 6 - Kingsport 1 |
| TOP OF THE 4TH |
|
San Francisco (APP) Giants batting - Pitching for Kingsport Mets : RHP Justin Vallis
|
|
Batting: RHB Tsugio Yamaguchi
|
0-0: Ball 1-0: Fly out, F8 (Flyball, 8RXD, EV 101.2 MPH)
|
|
Batting: RHB Noe Oliva
|
0-0: Called Strike 0-1: Called Strike 0-2: Foul Ball, location: 2F 0-2: Ground out 2-3 (Groundball, 13S, EV 69.4 MPH)
|
|
Batting: RHB Coen Dirks
|
0-0: Swinging Strike 0-1: Called Strike 0-2: SOLO HOME RUN (Flyball, 9LD, EV 92.5 MPH), Distance : 346 ft
|
|
Batting: RHB Zach Maguire
|
0-0: Ball 1-0: Called Strike 1-1: Foul Ball, location: 2F 1-2: Foul Ball, location: 2F 1-2: Ground out 3-1 (Groundball, 34, EV 87.5 MPH)
|
| Top of the 4th over - 1 run, 1 hit, 0 errors, 0 left on base; San Francisco (APP) 7 - Kingsport 1 |
| BOTTOM OF THE 4TH |
|
Kingsport Mets batting - Pitching for San Francisco (APP) Giants : RHP Conrad van Gemert
|
|
Batting: RHB Dan Muse
|
0-0: Called Strike 0-1: Ground out 6-3 (Groundball, 56, EV 103.1 MPH)
|
|
Batting: RHB Chris Artz
|
0-0: Ball 1-0: Called Strike 1-1: Ball 2-1: Called Strike 2-2: Ball 3-2: Foul Ball, location: 2F 3-2: Base on Balls
|
|
Batting: RHB Warren Carmichael
|
0-0: Ball Chris Artz steals 2nd base 1-0: Called Strike 1-1: Foul Ball, location: 2F 1-2: Ball 2-2: Ball 3-2: Foul Ball, location: 2F 3-2: Base on Balls
|
|
Batting: RHB Artyom Shavkunov
|
0-0: Ball 1-0: Foul Ball, location: 2F 1-1: Ball 2-1: Ball 3-1: Base on Balls Chris Artz to third Warren Carmichael to second
|
|
Batting: RHB Craig Alvarado
|
0-0: Called Strike 0-1: Called Strike 0-2: Ball 1-2: Foul Ball, location: 2F 1-2: Foul Ball, location: 2F 1-2: Fly out, F9 (Flyball, 9LMF, EV 85.6 MPH)
|
|
Batting: LHB Rick Vallis
|
0-0: Ball 1-0: SINGLE (Line Drive, 8RS, EV 88.1 MPH) Chris Artz scores Warren Carmichael to third Artyom Shavkunov to second Runner from 3rd tries for Home, SAFE, throw by RF to home
|
|
Batting: RHB Eric Zylstra
|
0-0: Ball 1-0: Ball 2-0: Ball 3-0: Base on Balls Artyom Shavkunov to third Rick Vallis to second
|
|
Batting: LHB Randolph Brodbeck
|
0-0: Called Strike 0-1: Foul Ball, location: 2F 0-2: Ball 1-2: GRAND SLAM HOME RUN (Line Drive, 9D, EV 99.4 MPH), Distance : 373 ft
|
|
Pitching: RHP Danny Estrada
|
|
|
Batting: RHB Juan Medina
|
0-0: Ball 1-0: Ball 2-0: Called Strike 2-1: Ball 3-1: Base on Balls
|
|
Batting: RHB Dan Muse
|
0-0: Called Strike 0-1: Ball 1-1: Swinging Strike 1-2: Strikes out swinging
|
| Bottom of the 4th over - 6 runs, 2 hits, 0 errors, 1 left on base; San Francisco (APP) 7 - Kingsport 7 |
| TOP OF THE 5TH |
|
San Francisco (APP) Giants batting - Pitching for Kingsport Mets : RHP Justin Vallis
|
|
Batting: RHB Jaime Rios
|
0-0: SOLO HOME RUN (Line Drive, 7LD, EV 95.6 MPH), Distance : 348 ft
|
|
Batting: LHB Dennis Jones
|
0-0: Ball 1-0: Ball 2-0: Ball 3-0: Called Strike 3-1: Base on Balls
|
|
Batting: RHB Dave Perron
|
0-0: Called Strike 0-1: Ball 1-1: Foul Ball, location: 2F 1-2: Ball 2-2: Ball 3-2: Foul Ball, location: 2F 3-2: Base on Balls Dennis Jones to second
|
|
Batting: RHB Alex Peguero
|
0-0: Ball 1-0: Ball 2-0: Called Strike 2-1: Ball 3-1: Foul Ball, location: 2F 3-2: Hit by Pitch Dennis Jones to third Dave Perron to second
|
|
Pitching: RHP Ken Tayo
|
|
|
Batting: RHB Jonathan Hemsley
|
0-0: Fly out, F8 (Flyball, 78D, EV 102.5 MPH) Runner from 3rd tags up, SCORES, throw by CF Dave Perron to third
|
|
Batting: RHB Tsugio Yamaguchi
|
0-0: Ball 1-0: Ball 2-0: Reached on error, E5 (Groundball, 56, EV 88.1 MPH) Dave Perron scores Alex Peguero to second
|
|
Batting: RHB Noe Oliva
|
0-0: Foul Ball, location: 2F 0-1: Ball 1-1: Fly out, F7 (Flyball, 7S, EV 84.4 MPH)
|
|
Batting: RHB Coen Dirks
|
0-0: Called Strike 0-1: Foul Ball, location: 2F 0-2: Ball 1-2: Ball 2-2: Fielders Choice at 2nd, 6-4 (Groundball, 6, EV 91.2 MPH)
|
| Top of the 5th over - 3 runs, 1 hit, 1 error, 2 left on base; San Francisco (APP) 10 - Kingsport 7 |
| BOTTOM OF THE 5TH |
|
Kingsport Mets batting - Pitching for San Francisco (APP) Giants : RHP Danny Estrada
|
|
Batting: RHB Chris Artz
|
0-0: Swinging Strike 0-1: Ball 1-1: Ground out 5-3 (Groundball, 56, EV 90.0 MPH)
|
|
Batting: RHB Warren Carmichael
|
0-0: Ball 1-0: Ball 2-0: Foul Ball, location: 2F 2-1: Fly out, F7 (Flyball, 7S, EV 93.1 MPH)
|
|
Batting: RHB Artyom Shavkunov
|
0-0: Ball 1-0: Foul Ball, location: 2F 1-1: SINGLE (Groundball, 56D, EV 103.8 MPH)
|
|
Batting: RHB Craig Alvarado
|
0-0: Foul Ball, location: 2F 0-1: Ball 1-1: Ball 2-1: Ball 3-1: Called Strike 3-2: Base on Balls Artyom Shavkunov to second
|
|
Batting: LHB Rick Vallis
|
0-0: Ball 1-0: Foul Ball, location: 2F 1-1: Ball 2-1: Called Strike 2-2: Fly out, F8 (Flyball, 8LS, EV 94.4 MPH)
|
| Bottom of the 5th over - 0 runs, 1 hit, 0 errors, 2 left on base; San Francisco (APP) 10 - Kingsport 7 |
| TOP OF THE 6TH |
|
San Francisco (APP) Giants batting - Pitching for Kingsport Mets : RHP Ken Tayo
|
|
Batting: RHB Zach Maguire
|
0-0: Ball 1-0: Ball 2-0: Ball 3-0: Called Strike 3-1: Base on Balls
|
|
Batting: RHB Jaime Rios
|
0-0: Foul Ball, location: 2F 0-1: Ball Zach Maguire is caught stealing 2nd base 2-4 1-1: Swinging Strike 1-2: DOUBLE (Line Drive, 9LS, EV 106.2 MPH)
|
|
Batting: LHB Dennis Jones
|
0-0: Called Strike Jaime Rios is caught stealing 3rd base 2-5 0-1: Foul Ball, location: 2F 0-2: Strikes out looking
|
| Top of the 6th over - 0 runs, 1 hit, 0 errors, 0 left on base; San Francisco (APP) 10 - Kingsport 7 |
| BOTTOM OF THE 6TH |
|
Kingsport Mets batting - Pitching for San Francisco (APP) Giants : RHP Danny Estrada
|
|
Batting: RHB Eric Zylstra
|
0-0: Called Strike 0-1: Ball 1-1: SINGLE (Groundball, 56D, EV 93.8 MPH)
|
|
Pitching: LHP Justin Tidwell
|
|
|
Batting: LHB Randolph Brodbeck
|
0-0: Swinging Strike 0-1: Called Strike 0-2: Strikes out looking
|
|
Batting: RHB Juan Medina
|
0-0: Called Strike Eric Zylstra steals 2nd base 0-1: Foul Ball, location: 2F 0-2: Foul Ball, location: 2F 0-2: Foul Ball, location: 2F 0-2: Strikes out swinging
|
|
Pitching: RHP Kip Connolly
|
|
|
Batting: RHB Dan Muse
|
0-0: Foul Ball, location: 2F 0-1: Ball 1-1: Called Strike 1-2: Foul Ball, location: 2F 1-2: Strikes out swinging
|
| Bottom of the 6th over - 0 runs, 1 hit, 0 errors, 1 left on base; San Francisco (APP) 10 - Kingsport 7 |
| TOP OF THE 7TH |
|
San Francisco (APP) Giants batting - Pitching for Kingsport Mets : RHP Ken Tayo
|
|
Batting: RHB Dave Perron
|
0-0: Ball 1-0: Called Strike 1-1: Foul Ball, location: 2F 1-2: Strikes out swinging
|
|
Batting: RHB Alex Peguero
|
0-0: Ball 1-0: Foul Ball, location: 2F 1-1: Swinging Strike 1-2: Ball 2-2: Ball 3-2: Base on Balls
|
|
Pitching: RHP Mike Whitaker
|
|
|
Batting: RHB Jonathan Hemsley
|
0-0: Called Strike Alex Peguero steals 2nd base 0-1: Ball 1-1: Ball 2-1: Reached via error on a dropped throw from 1B, E1 (Groundball, 34, EV 103.8 MPH) Alex Peguero to third
|
|
Batting: RHB Tsugio Yamaguchi
|
0-0: Ball 1-0: Called Strike Jonathan Hemsley is caught stealing 2nd base 2-4 1-1: Ball 2-1: SINGLE (Line Drive, 8RS, EV 105.0 MPH) Alex Peguero scores
|
|
Batting: RHB Noe Oliva
|
0-0: SINGLE (Groundball, 4M, EV 88.1 MPH) (infield hit) Tsugio Yamaguchi to second
|
|
Batting: RHB Coen Dirks
|
0-0: Ball 1-0: Called Strike 1-1: Ball 2-1: Ball 3-1: 3-RUN HOME RUN (Flyball, 7D, EV 100.0 MPH), Distance : 377 ft
|
|
Batting: RHB Zach Maguire
|
0-0: Swinging Strike 0-1: Ball 1-1: Ball 2-1: Ball 3-1: Called Strike 3-2: Base on Balls
|
|
Batting: RHB Jaime Rios
|
0-0: Called Strike 0-1: Called Strike Zach Maguire is caught stealing 2nd base 2-4
|
| Top of the 7th over - 4 runs, 3 hits, 1 error, 0 left on base; San Francisco (APP) 14 - Kingsport 7 |
| BOTTOM OF THE 7TH |
|
Kingsport Mets batting - Pitching for San Francisco (APP) Giants : RHP Kip Connolly
|
|
Batting: RHB Chris Artz
|
0-0: Ball 1-0: Ball 2-0: Foul Ball, location: 2F 2-1: Swinging Strike 2-2: Foul Ball, location: 2F 2-2: Strikes out swinging
|
|
Batting: RHB Warren Carmichael
|
0-0: Ground out 5-3 (Groundball, 5L, EV 99.4 MPH)
|
|
Pinch Hitting: RHB Coltin Nellis
|
0-0: Ball 1-0: Ball 2-0: Ball 3-0: Called Strike 3-1: Ground out 5-3 (Groundball, 56S, EV 70.6 MPH)
|
| Bottom of the 7th over - 0 runs, 0 hits, 0 errors, 0 left on base; San Francisco (APP) 14 - Kingsport 7 |
| TOP OF THE 8TH |
|
San Francisco (APP) Giants batting - Pitching for Kingsport Mets : RHP Mike Whitaker
|
|
Now at 1B: Danny Runberg
|
|
|
Batting: RHB Jaime Rios
|
0-0: Swinging Strike 0-1: Ball 1-1: Called Strike 1-2: Ball 2-2: Ball 3-2: Ground out 1-3 (Groundball, 13, EV 71.9 MPH)
|
|
Batting: LHB Dennis Jones
|
0-0: Fly out, F8 (Flyball, 8RM, EV 84.4 MPH)
|
|
Batting: RHB Dave Perron
|
0-0: Called Strike 0-1: Foul Ball, location: 2F 0-2: Foul Ball, location: 2F 0-2: Ball 1-2: Ball 2-2: Fly out, F9 (Flyball, 9S, EV 83.1 MPH)
|
| Top of the 8th over - 0 runs, 0 hits, 0 errors, 0 left on base; San Francisco (APP) 14 - Kingsport 7 |
| BOTTOM OF THE 8TH |
|
Kingsport Mets batting - Pitching for San Francisco (APP) Giants : RHP Kip Connolly
|
|
Batting: RHB Craig Alvarado
|
0-0: Called Strike 0-1: Ball 1-1: Swinging Strike 1-2: Strikes out looking
|
|
Pitching: RHP François Leclerc
|
|
|
Batting: LHB Rick Vallis
|
0-0: Ball 1-0: Ground out U3 (Groundball, 3, EV 105.6 MPH)
|
|
Batting: RHB Eric Zylstra
|
0-0: Ball 1-0: Foul Ball, location: 2F 1-1: Foul Ball, location: 2F 1-2: Foul Ball, location: 2F 1-2: Strikes out looking
|
| Bottom of the 8th over - 0 runs, 0 hits, 0 errors, 0 left on base; San Francisco (APP) 14 - Kingsport 7 |
| TOP OF THE 9TH |
|
San Francisco (APP) Giants batting - Pitching for Kingsport Mets : RHP Mike Whitaker
|
|
Batting: RHB Alex Peguero
|
0-0: SINGLE (Line Drive, 8RS, EV 111.9 MPH)
|
|
Pitching: RHP Antonio Reyes
|
|
|
Pinch Hitting: LHB Chris West
|
0-0: Called Strike 0-1: Ball 1-1: Swinging Strike 1-2: Fly out, F7 (Flyball, 7, EV 90.0 MPH)
|
|
Batting: RHB Tsugio Yamaguchi
|
0-0: Foul Ball, location: 2F 0-1: Foul Ball, location: 2F 0-2: Foul Ball, location: 2F 0-2: Fielders Choice at 2nd, 3-6 (Groundball, 34S, EV 86.9 MPH)
|
|
Batting: RHB Noe Oliva
|
0-0: Called Strike Tsugio Yamaguchi steals 2nd base 0-1: Ground out U3 (Groundball, 34, EV 80.6 MPH)
|
| Top of the 9th over - 0 runs, 1 hit, 0 errors, 1 left on base; San Francisco (APP) 14 - Kingsport 7 |
| BOTTOM OF THE 9TH |
|
Kingsport Mets batting - Pitching for San Francisco (APP) Giants : RHP François Leclerc
|
|
Now in RF: Chris West
|
|
|
Batting: LHB Randolph Brodbeck
|
0-0: Ball 1-0: SINGLE (Groundball, 4MD, EV 96.9 MPH)
|
|
Batting: RHB Juan Medina
|
0-0: Ball 1-0: Called Strike 1-1: Foul Ball, location: 2F 1-2: Ball 2-2: Ball 3-2: Base on Balls Randolph Brodbeck to second
|
|
Batting: RHB Dan Muse
|
0-0: Foul Ball, location: 2F 0-1: Ball 1-1: Ball 2-1: Foul Ball, location: 2F 2-2: Ball 3-2: SINGLE (Line Drive, 89S, EV 108.8 MPH) Randolph Brodbeck to third Juan Medina to second
|
|
Pinch Hitting: SHB Josh Thomson
|
0-0: Called Strike 0-1: Ball 1-1: Swinging Strike 1-2: Ball 2-2: Strikes out looking
|
|
Pitching: RHP Josh Henderson
|
|
|
Batting: RHB Warren Carmichael
|
0-0: Foul Ball, location: 2F 0-1: SINGLE (Flyball, 4D, EV 82.5 MPH) Randolph Brodbeck scores Juan Medina to third Dan Muse to second
|
|
Batting: RHB Danny Runberg
|
0-0: Ball Wild Pitch! Juan Medina scores Dan Muse to third Warren Carmichael to second 1-0: Called Strike 1-1: Foul Ball, location: 2F 1-2: Ball 2-2: Hit by Pitch
|
|
Pitching: RHP Corey Foster
|
|
|
Batting: RHB Craig Alvarado
|
0-0: Ball 1-0: Fielders Choice at 2nd, 4-6 (Groundball, 4, EV 85.0 MPH) Dan Muse scores Warren Carmichael to third
|
|
Pinch Hitting: RHB Jim Freels
|
0-0: Called Strike 0-1: SINGLE (Line Drive, 8RS, EV 91.9 MPH) Warren Carmichael scores Craig Alvarado to second
|
|
Batting: RHB Eric Zylstra
|
0-0: Ball 1-0: Called Strike 1-1: Ball 2-1: Foul Ball, location: 9LSF, Error on foul ball, E9 2-2: SINGLE (Line Drive, 3D, EV 96.9 MPH) Craig Alvarado to third Jim Freels to second
|
|
Batting: LHB Randolph Brodbeck
|
0-0: Swinging Strike 0-1: Fielders Choice at 2nd, 6-4 (Groundball, 6, EV 100.6 MPH)
|
| Bottom of the 9th over - 4 runs, 5 hits, 1 error, 3 left on base; San Francisco (APP) 14 - Kingsport 11 |
|